cohdb
Replays
Latest Replays
All Replays
Popular Replays
Top Player Replays
Match Explorer
How It Works
Community
CoH3 Stats
Reddit
Sign in to upload your games and track your stats! →
Sign in with Steam
Match 39617534
Unlisted
Match 39617534
Overview
Messages
Build Orders
End
Engineer Squad
Selects Airborne Battlegroup
Selects Smoke Bombing Run
Selects Pathfinders
Engineer Squad
Construct Medical Station
Construct Weapon Support Center
Bazooka Squad
Selects Paratrooper Squad Paradrop
Air Support Center
Paratrooper Squad Paradrop
Paratrooper Squad Paradrop
Selects Supply Drop
Double Sortie
Supply Drop
Grasshopper Recon Run
P-47 Strafing Run
Improved M9 Bazooka Rockets
Supply Drop
Grasshopper Recon Run
P-47 Strafing Run
Paratrooper Squad Paradrop
Supply Drop
P-47 Dive Bomb
Air Supremacy
Construct Motor Pool
Selects Anti-tank Gun Team Paradrop
P-47 Strafing Run
Supply Drop
Grasshopper Recon Run
P-47 Strafing Run
P-47 Dive Bomb
Paratrooper Squad Paradrop
Grasshopper Recon Run
Selects Dual P-47 Rocket Strike
P-47 Strafing Run
Supply Drop
Leonovsky75
Guziol#
『BlackBear』
Trollgubbe
0
0
Comments
sign in to comment!
No comments posted yet!